 Dungeon Crawl Stone Soup version 0.24-a0-584-g9d6b971ae4 (webtiles) character file.

Game seed: 9754637841376115400, levelgen mode: deterministic

261 Eightlegvermin the Changer (level 6, -3/38 HPs)
             Began as an Octopode Transmuter on Aug 31, 2019.
             Was an Initiate of Gozag.
             Killed from afar by an orc wizard (5 damage)
             ... with a puff of frost
             ... on level 4 of the Dungeon.
             The game lasted 00:12:55 (3535 turns).

Eightlegvermin the Changer (Octopode Transmuter)    Turns: 3535, Time: 00:12:56

Health: -3/38      AC:  3    Str:  7 (9)  XL:     6   Next: 18%
Magic:  9/9        EV: 13    Int: 14 (16) God:    Gozag
Gold:   133        SH:  0    Dex: 12 (14) Spells: 3/9 levels left

rFire    . . .     SeeInvis .     - Unarmed
rCold    + . .     Gourm    .   (no shield)
rNeg     . . .     Faith    .   d - +2 hat
rPois    .         Spirit   .   (no amulet)
rElec    .         Reflect  .   p - ring of protection from cold
rCorr    .         Harm     .   g - ring of protection from magic
MR       +....                  (no ring)
Stlth    +++.......             (no ring)
HPRegen  0.12/turn              (no ring)
MPRegen  0.11/turn              (no ring)
                                (no ring)
                                (no ring)

@: very slightly contaminated, invisible
A: almost no armour, stealthy swim, amphibious, 8 rings, constrict 8, camouflage
1, gelatinous body 1
a: Potion Petition, Call Merchant, Bribe Branch, Renounce Religion


You were on level 4 of the Dungeon.
You worshipped Gozag.
Gozag was aware of your devotion.
You were hungry.

You visited 2 branches of the dungeon, and saw 5 of its levels.

You collected 171 gold pieces.
You paid 38 gold pieces to Gozag.

Inventory:

Missiles
 a - 30 arrows
 l - 18 poisoned darts (quivered)
Armour
 d - a +2 hat (worn)
 e - a +3 shield
Jewellery
 g - a ring of protection from magic (right tentacle)
 p - a ring of protection from cold (left tentacle)
Wands
 q - a wand of flame (16)
Scrolls
 i - a scroll of remove curse
Potions
 b - a potion of heal wounds {unknown}
 f - a potion of degeneration
 h - a potion of agility {unknown}
 k - a potion of lignification {unknown}
 m - a potion of invisibility
 n - a potion of might {unknown}
Comestibles
 c - 6 rations


   Skills:
 - Level 1.0 Fighting
 - Level 2.0 Dodging
 - Level 3.0 Stealth
 + Level 4.3 Unarmed Combat
 - Level 2.0 Spellcasting
 * Level 4.4 Transmutations
 - Level 2.0 Poison Magic


You had 3 spell levels left.
You knew the following spells:

 Your Spells              Type           Power        Failure   Level  Hunger
a - Beastly Appendage     Tmut           ##....       4%          1    ##.....
b - Sticks to Snakes      Tmut           ##......     6%          2    ###....
c - Spider Form           Tmut/Pois      ##........   19%         3    ####...

Your spell library contained the following spells:

 Spells                   Type           Power        Failure   Level  Hunger
 Ice Form                 Ice/Tmut       #.......     67%         4    #####..
 Blade Hands              Tmut           ##........   73%         5    ######.


Dungeon Overview and Level Annotations

Branches:
Dungeon (4/15)             Temple (1/1) D:4

Altars:
Ashenzari
Dithmenos
Elyvilon
Fedhas
Gozag
Hepliaklqana
Qazlal
Trog
Uskayaw
Wu Jian
Zin

Annotations:
D:3 3 runed translucent doors, exclusions: downstairs and moth of wrath, Peloso's ghost, amateur MiFi
D:4 exclusion: ogre, Robin


Innate Abilities, Weirdness & Mutations

You cannot wear most types of armour.
You are very stealthy in the water. (Stealth+)
You are amphibious.
You can wear up to eight rings at the same time.
You can use your tentacles to constrict eight enemies at once.
Your skin changes colour to match your surroundings (Stealth+).
Your rubbery body absorbs attacks. (AC +1, EV +1)


Message History

* * * LOW HITPOINT WARNING * * *
Something hits you.
* * * LOW HITPOINT WARNING * * *
You hear some strange, mumbled words.
A puff of flame appears from out of thin air!
The puff of flame hits you.
* * * LOW HITPOINT WARNING * * *
It was a potion of degeneration.
There was something very wrong with that liquid.
You feel weakened.
You feel dopey.
You feel clumsy. Something completely misses you.
It was a potion of invisibility.
You fade into invisibility!
You are very lightly contaminated with residual magic.
Okay, then.
You hear some strange, mumbled words.
A puff of frost appears from out of thin air!
The puff of frost hits you. You resist.
You die...
Your body crumbles into a pile of gold.

....... ..............
........# #..#...####..
........# #..#...## #..
.......# #.......# #.. .
.......# #..#....###..
..###....# #............
..........###..#....###..
#...................# #..
###.......@.###..#....#
#..
.........{................
#.....##.####..#..#####..
#.....##.# #..#..# #..
#.....##.# #..#..# ..
######.....##.####..# .
....................# ##
##...............##
#.#.#...........##


There were no monsters in sight!

Vanquished Creatures
  A hound (D:4)
  An orc wizard (D:4)
  2 worker ants (D:4)
  A hound skeleton (D:4)
  6 adders
  2 worms
  A dart slug (D:1)
  6 leopard geckos
  5 orcs
  10 goblins
  6 hobgoblins
  8 jackals (D:4)
  2 quokkas
  9 bats
  5 frilled lizards
  A jackal skeleton (D:4)
  3 kobolds
  5 rats
74 creatures vanquished.

Notes
Turn   | Place    | Note
-------+----------+-------------------------------------------
     0 | D:1      | Eightlegvermin the Octopode Transmuter began the quest for
                  | the Orb.
     0 | D:1      | Reached XP level 1. HP: 13/13 MP: 3/3
    49 | D:1      | Reached skill level 1 in Stealth
    66 | D:1      | Reached XP level 2. HP: 7/18 MP: 5/5
   682 | D:2      | Found a blossoming altar of Fedhas.
   757 | D:2      | Reached XP level 3. HP: 23/23 MP: 4/6
   761 | D:2      | Learned a level 2 spell: Sticks to Snakes
   765 | D:2      | Learned a level 3 spell: Spider Form
  1258 | D:2      | Reached XP level 4. HP: 24/28 MP: 7/7
  1543 | D:3      | Found a shadowy altar of Dithmenos.
  2108 | D:3      | Found a runed translucent gate.
  2114 | D:3      | Found a runed translucent gate.
  2117 | D:3      | Noticed Peloso's ghost (amateur MiFi)
  2118 | D:3      | Found a runed translucent gate.
  2119 | D:3      | Noticed a bullfrog
  2246 | D:3      | Reached skill level 1 in Poison Magic
  2471 | D:3      | Reached XP level 5. HP: 27/33 MP: 6/8
  2903 | D:3      | Noticed a moth of wrath
  2906 | D:3      | Found a bloodstained altar of Trog.
  2959 | D:4      | Noticed an ogre
  2973 | D:4      | Noticed Robin
  3208 | D:4      | Found a staircase to the Ecumenical Temple.
  3254 | Temple   | Entered the Ecumenical Temple
  3258 | Temple   | Became a worshipper of Gozag Ym Sagoz the Greedy
  3408 | D:4      | Reached XP level 6. HP: 31/38 MP: 9/9
  3535 | D:4      | Killed from afar by an orc wizard

Levels and vault maps discovered:
D:1:      dpeg_arrival_pond, layout_basic, minmay_door_square
D:2:      layout_loops_ring, fedhas_ov_isle_minmay
D:3:      minmay_diamond_boxcup, layout_basic, lemuel_crystal_altar,
          gammafunk_ghost_split, hangedman_glass_garden, hangedman_glass_teeth,
          tgw_trog
D:4:      layout_basic, minmay_temple_entry_crystal_x,
          hangedman_abyss_or_decor_jellyfish_corner, uniq_eustachio, uniq_robin
Temple:   nicolae_temple_x_marks_the_god

Skill      XL: |  1  2  3  4  5 |
---------------+----------------+-----
Stealth        | 1 2 3 |  3.0
Transmutations | 3 4 |  4.4
Poison Magic   | 1 2 |  2.0
Unarmed Combat | 4 |  4.3
Fighting       | |  1.0
Dodging        | |  2.0
Spellcasting   | |  2.0

Action                   |  1- 3 |  4- 6 || total
-------------------------+-------+-------++-------
Melee: Unarmed           |    52 |   117 ||   169
       Constrict         |    14 |    30 ||    44
       Tentacles         |    10 |    13 ||    23
       Kick              |     7 |    30 ||    37
       Punch             |     1 |     4 ||     5
 Cast: Beastly Appendage |    10 |    22 ||    32
       Spider Form       |       |     1 ||     1
  Use: Scroll            |       |     5 ||     5
       Potion            |       |     2 ||     2
 Stab: Sleeping          |     8 |     9 ||    17
  Eat: Chunk             |     1 |     7 ||     8
Armor: Skin              |     2 |    28 ||    30
Dodge: Dodged            |    27 |    86 ||   113

Table legend:
 A = Non-vault XP
 B = Vault XP
 C = Vault XP percentage of total XP
 D = Non-vault monster count
 E = Vault monster count
 F = Vault count percentage of total count
                 A         B        C        D         E       F
            +---------+---------+-------+---------+---------+-------
      Total |     338 |      35 |   9.4 |      64 |      10 |  13.5
            +---------+---------+-------+---------+---------+-------
        D:1 |      18 |       0 |   0.0 |       9 |       0 |   0.0
        D:2 |      64 |       0 |   0.0 |      14 |       0 |   0.0
        D:3 |      60 |      31 |  34.1 |      22 |       8 |  26.7
        D:4 |     196 |       4 |   2.0 |      19 |       2 |   9.5
            +---------+---------+-------+---------+---------+-------
